 Dungeon Crawl Stone Soup version 0.19.1 (webtiles) character file.

72 sal the Skirmisher (level 4, -14/41 HPs)
             Began as a Hill Orc Berserker on Dec 15, 2016.
             Was a Believer of Trog.
             Killed from afar by Ijyb (16 damage)
             ... with a wand of lightning
             ... on level 2 of the Dungeon.
             The game lasted 00:08:54 (1349 turns).

sal the Skirmisher (Hill Orc Berserker)             Turns: 1349, Time: 00:08:55

Health: -14/41     AC: 11    Str: 17 (19) XL:     4   Next: 25%
Magic:  4/4        EV:  9    Int:  8      God:    Trog [**....]
Gold:   119        SH:  0    Dex:  9 (10) Spells: 0 memorised, 3 levels left

rFire  . . .     SeeInvis .     e - +1 mace
rCold  . . .     Gourm    .     h - +1 chain mail
rNeg   . . .     Faith    .     (no shield)
rPois  .         Spirit   .     (no helmet)
rElec  .         Reflect  .     (no cloak)
rCorr  .         Harm     .     (no gloves)
MR     .....                    f - +0 pair of boots
Stlth  ..........               (no amulet)
                                (no ring)
                                n - +2 ring of evasion

@: no status effects
A: mutation resistance 1
a: Berserk, Trog's Hand, Burn Spellbooks, Renounce Religion


You were on level 2 of the Dungeon.
You worshipped Trog.
Trog was pleased with you.
You were not hungry.

You visited 1 branch of the dungeon, and saw 3 of its levels.

You collected 119 gold pieces.

Inventory:

Hand Weapons
 a - a +0 hand axe
 d - a +0 hunting sling
 e - a +1 mace (weapon)
Missiles
 g - 56 stones (quivered)
 l - 8 poisoned needles
 p - a throwing net
Armour
 b - a +0 animal skin
 f - a +0 pair of boots (worn)
 h - a +1 chain mail (worn)
 j - a +0 robe
Jewellery
 n - a +2 ring of evasion (left hand)
Scrolls
 m - 2 scrolls of identify
Potions
 i - a potion of resistance
 o - a potion of agility
Comestibles
 c - a bread ration
 k - 2 fruits


   Skills:
 + Level 4.5 Fighting
 + Level 4.2(4.5) Axes
 + Level 1.8(2.9) Maces & Flails
 + Level 3.0 Armour
 + Level 1.7 Dodging
 + Level 0.1 Stealth


You had 3 spell levels left.
You didn't know any spells.

Dungeon Overview and Level Annotations

Branches:
Dungeon (3/15)

Altars:

Annotations:
D:2 Ijyb


Innate Abilities, Weirdness & Mutations

You are somewhat resistant to further mutation.


Message History

You climb downwards.
Found 14 gold pieces.
Found a stone staircase leading up.
There is a stone staircase leading up here.
You start eating one of the 2 bread rations.
You continue eating. x2
You finish eating.
That bread ration really hit the spot!
There is a stone staircase leading up here.
Found a stone staircase leading down.
You now have 119 gold pieces (gained 14).
There is a stone staircase leading up here.
There is a stone staircase leading up here.
You climb upwards.
Level annotation: Ijyb Ijyb zaps a wand.
The bolt of lightning hits you!
* * * LOW HITPOINT WARNING * * *
There is a stone staircase leading down here.
You miss Ijyb. Ijyb hits you with a dagger.
* * * LOW HITPOINT WARNING * * *
Ijyb zaps a wand.
The bolt of lightning hits you!
You die...

..# #.#.#
### #.#.#
#.#)#
########.#.#
.........#.#
...........#
#######.####
#g# #@# #.#
#.# #.# #.#
#.# #### #.#
#..# #.#
#..# #.#


You could see Ijyb.

Vanquished Creatures
  Terence (D:2)
  An ooze (D:2)
  3 worms (D:2)
  2 dart slugs (D:1)
  2 leopard geckos (D:1)
  A ball python (D:1)
  2 bats
  2 goblins
  4 hobgoblins
  2 jackals (D:1)
  3 kobolds
  A quokka (D:2)
  2 frilled lizards (D:1)
  A rat (D:1)
  A bush (D:1)
  2 toadstools (D:1)
30 creatures vanquished.

Vanquished Creatures (others)
  2 toadstools (D:1)
2 creatures vanquished.

Grand Total: 32 creatures vanquished

Notes
Turn   | Place    | Note
-------+----------+-------------------------------------------
     0 | D:1      | sal the Hill Orc Berserker began the quest for the Orb.
     0 | D:1      | Reached XP level 1. HP: 19/19 MP: 1/1
   327 | D:1      | Gained mutation: Your mind is acute. (Int +2) [potion of mutation]
   327 | D:1      | Gained mutation: You are somewhat resistant to further mutation. [potion of mutation]
   327 | D:1      | Lost mutation: Your mind is acute. (Int +2) [potion of mutation]
   414 | D:1      | Reached XP level 2. HP: 21/27 MP: 2/2
   849 | D:1      | Reached XP level 3. HP: 33/33 MP: 3/3
  1210 | D:2      | Noticed Terence
  1211 | D:2      | Reached skill level 1 in Maces & Flails
  1230 | D:2      | Killed Terence
  1230 | D:2      | Reached ** piety under Trog
  1230 | D:2      | Reached XP level 4. HP: 35/41 MP: 4/4
  1298 | D:2      | Noticed Ijyb
  1349 | D:2      | HP: 2/41 [Ijyb/dagger (2)]
  1349 | D:2      | Killed from afar by Ijyb

Skill      XL: |  1  2  3  4 |
---------------+-------------+-----
Fighting       | 4 |  4.5
Maces & Flails | 1 |  1.8
Armour         | 3 |  3.0
Axes           | |  4.2
Dodging        | |  1.7
Stealth        | |  0.1

Action                   |  1- 3 |  4- 6 || total
-------------------------+-------+-------++-------
Melee: Hand axe          |   145 |       ||   145
       Mace              |   131 |    12 ||   143
Throw: Stone             |     3 |       ||     3
  Use: Potion            |     5 |       ||     5
       Scroll            |     4 |       ||     4
  Eat: Bread ration      |       |     1 ||     1
Armor: Chain mail        |    94 |     7 ||   101
Dodge: Dodged            |    78 |     7 ||    85
